 Seeded DCSS version 0.27.1-33-g824d729ab1 (webtiles) character file.

Game seed: 420757259524105916 (custom seed)

13612 croobank the Fencer (level 11, -11/91 HPs)
             Began as a Minotaur Berserker on Dec 31, 2021.
             Was a High Priest of Trog.
             Mangled by a death yak (17 damage)
             ... on level 2 of the Lair of Beasts.
             The game lasted 00:51:51 (9337 turns).

croobank the Fencer (Minotaur Berserker)            Turns: 9337, Time: 00:51:51

Health: -11/91     AC: 14    Str: 37    XL:     11   Next: 77%
Magic:  10/10      EV: 10    Int:  4    God:    Trog [*****.]
Gold:   413        SH:  0    Dex: 10    Spells: 10/10 levels left

rFire    . . .     SeeInvis .   a - +6 triple sword (flame)
rCold    . . .     Faith    .   (shield currently unavailable)
rNeg     . . .     Spirit   .   x - +1 chain mail of Complete Protection {Regen+}
rPois    .         Reflect  .   (helmet restricted)
rElec    .         Harm     .   q - +0 cloak {Stlth+}
rCorr    .         Rampage  .   C - +0 pair of gloves
Will     .....                  (no boots)
Stlth    ..........             (no amulet)
HPRegen  1.25/turn              p - +6 ring of strength
MPRegen  0.12/turn              s - +6 ring of strength

@: no status effects
A: horns 2, retaliatory headbutt
a: Renounce Religion, Berserk, Trog's Hand, Brothers in Arms


You were on level 2 of the Lair of Beasts.
You worshipped Trog.
Trog was extremely pleased with you.
You visited 2 branches of the dungeon, and saw 11 of its levels.

You collected 644 gold pieces.
You spent 231 gold pieces at shops.

Inventory:

Hand Weapons
 a - a +6 triple sword of flaming (weapon)
 b - a +0 shortbow
 n - a +0 hunting sling
Missiles
 i - 104 bolts
 k - 26 poisoned darts (quivered)
 r - 3 boomerangs
 u - 203 arrows
Armour
 h - a +0 kite shield
 q - a +0 cloak of stealth (worn)
 w - a +2 tower shield
 x - the +1 chain mail of Complete Protection (worn) {Regen+}
   (You bought it in a shop on level 6 of the Dungeon)

   Regen:     It increases your rate of health regeneration.
 C - a +0 pair of gloves (worn)
Jewellery
 p - a +6 ring of strength (left hand)
 s - a +6 ring of strength (right hand)
 y - a +4 ring of protection
 F - a ring of resist corrosion
Wands
 g - a wand of digging (9)
 z - a wand of charming (7)
 B - a wand of flame (15)
Scrolls
 d - 3 scrolls of blinking
 m - 2 scrolls of immolation
 o - 3 scrolls of summoning
 v - 2 scrolls of amnesia
 D - 2 scrolls of magic mapping
 E - a scroll of teleportation
Potions
 c - a potion of haste
 e - 2 potions of attraction
 f - 4 potions of curing
 j - 3 potions of lignification
 l - 8 potions of flight
 A - 2 potions of ambrosia
 G - a potion of might
 H - a potion of invisibility
Miscellaneous
 t - a lightning rod (4/4)


   Skills:
 - Level 6.7 Fighting
 + Level 15.5 Long Blades
 - Level 0.7 Bows
 - Level 1.0 Throwing
 - Level 6.6 Armour
 - Level 3.4 Dodging
 - Level 1.7 Stealth
 - Level 12.7 Shields


You had 10 spell levels left.
You didn't know any spells.
Your spell library was empty.

Dungeon Overview and Level Annotations

Branches:
Dungeon (9/15)             Temple (0/1) D:7            Lair (2/6) D:9
  Swamp: Lair:2-4    Shoals: Lair:2-4     Snake: Lair:2-4    Spider: Lair:2-4
    Orc: D:9-12

Altars:
Elyvilon
Hepliaklqana
Kikubaaqudgha
Qazlal
Sif Muna
Wu Jian
Xom
Zin
The Shining One

Shops:
D:2 [   D:6 [   D:7 *   D:9 =

Annotations:
D:8 2 transporters


Innate Abilities, Weirdness & Mutations

You have a pair of horns on your head.
You reflexively headbutt those who attack you in melee.


Message History

There is a stone staircase leading up, spattered with blood here.
You can't go down here!
You climb upwards.
There is a stone staircase leading down here.
You'd need three hands to do that!
Done exploring.
You climb downwards.
There is a stone staircase leading up, spattered with blood here.
You see here a yak corpse.
You see here 4 silver boomerangs.
Found a spear.
A death yak comes into view.
Found a chain mail.
The death yak bellows!
A death yak comes into view. 2 death yaks come into view.
The death yak bellows! x3
The death yak gores you!
The death yak gores you but does no damage.
You slash the death yak! You burn the death yak.
The death yak is lightly wounded.
The death yak gores you!!
You slice the death yak!! You burn the death yak.
The death yak is heavily wounded.
The death yak gores you but does no damage.
You completely miss the death yak. You headbutt the death yak.
The death yak is heavily wounded.
The death yak gores you! x2
You hit the death yak. You burn the death yak.
The death yak is heavily wounded.
The death yak gores you.
The death yak gores you but does no damage.
The death yak gores you!
* * * LOW HITPOINT WARNING * * *
The death yak gores you.
* * * LOW HITPOINT WARNING * * *
The death yak gores you!
* * * LOW HITPOINT WARNING * * *
The death yak gores you!
You die...

###..............
##................
####.................
##.#..........#......#
#.#.......###.#.....#.
##.......## #.Y.......
#........# #.........
##........####YYY.....[
#.......#P##...@.......
.#P..P...#####..........
........###..#..........
......##.##.............
......####..............
.....#(#................
....###..........P#.....
...P##........†.###.....
....#...........# ..


You could see 4 death yaks.

Vanquished Creatures
  2 hydras
  2 two-headed ogres
  Pikel (D:7)
  A rime drake (Lair:1)
  2 cane toads
  2 komodo dragons
  2 trolls
  Prince Ribbit (Lair:1)
  7 blink frogs
  A wyvern (Lair:2)
  16 yaks
  3 steam dragons
  Duvessa (D:7)
  3 water moccasins
  4 ice beasts
  2 black bears
  3 orc warriors
  An ogre (D:7)
  3 centaurs
  2 kobold brigands
  A lemure (D:7)
  A phantom (D:6)
  10 bullfrogs
  2 scorpions
  A gnoll sergeant (D:8)
  Dowan (D:7)
  5 killer bees (D:5)
  2 electric eels (D:8)
  8 wights
  A crimson imp (D:8)
  3 hounds
  3 orc priests
  A gnoll shaman (D:9)
  A centaur skeleton (D:7)
  A jelly (D:5)
  A bullfrog skeleton (D:5)
  5 iguanas
  A scorpion zombie (D:5)
  9 orc wizards
  A centaur simulacrum (D:8)
  3 howler monkey zombies
  17 gnolls
  A howler monkey skeleton (D:4)
  9 adders
  7 white imps
  3 ufetubi
  2 adder zombies (D:5)
  An adder skeleton (D:4)
  3 worms
  A dart slug (D:4)
  19 orcs
  10 endoplasms
  3 giant cockroaches
  7 goblins
  10 hobgoblins
  10 jackals (D:1)
  4 quokkas
  5 ball pythons
  7 bats
  2 frilled lizards
  18 kobolds
  4 rats (D:1)
263 creatures vanquished.

Vanquished Creatures (others)
  15 fungi
  27 plants
42 creatures vanquished.

Grand Total: 305 creatures vanquished

Notes
Turn   | Place    | Note
-------+----------+-------------------------------------------
     0 | D:1      | croobank the Minotaur Berserker began the quest for the
                  | Orb.
     0 | D:1      | Reached XP level 1. HP: 19/19 MP: 0/0
    76 | D:1      | Reached XP level 2. HP: 22/27 MP: 1/1
    79 | D:1      | Reached skill level 4 in Long Blades
   458 | D:1      | Reached XP level 3. HP: 27/33 MP: 2/2
   656 | D:1      | Reached ** piety under Trog
  1038 | D:1      | Found a faded altar of an unknown god.
  1068 | D:2      | Found Toes's Armour Shop.
  1241 | D:2      | Reached XP level 4. HP: 32/41 MP: 3/3
  1514 | D:2      | Found a shimmering altar of Xom.
  1805 | D:2      | Reached skill level 5 in Long Blades
  2047 | D:3      | Reached XP level 5. HP: 41/47 MP: 4/4
  2395 | D:4      | Reached *** piety under Trog
  2442 | D:4      | Reached skill level 5 in Fighting
  2548 | D:4      | Reached skill level 6 in Long Blades
  2553 | D:4      | Reached XP level 6. HP: 29/56 MP: 5/5
  3590 | D:5      | Entered Level 5 of the Dungeon
  3682 | D:5      | Reached skill level 7 in Long Blades
  3809 | D:5      | Reached XP level 7. HP: 5/61 MP: 6/6
  3810 | D:5      | HP: 4/91 [poisoned by an orc wizard]
  3815 | D:5      | HP: 4/91 [poisoned by an orc wizard]
  4061 | D:5      | Reached skill level 5 in Armour
  4212 | D:5      | Reached skill level 8 in Long Blades
  4569 | D:5      | Reached skill level 1 in Stealth
  4620 | D:5      | Reached XP level 8. HP: 70/70 MP: 7/7
  4675 | D:5      | Found a shimmering blue altar of Sif Muna.
  4778 | D:6      | Reached skill level 9 in Long Blades
  4799 | D:6      | Reached **** piety under Trog
  4806 | D:6      | Reached skill level 1 in Throwing
  5353 | D:6      | Found a white marble altar of Elyvilon.
  5481 | D:6      | Found a stormy altar of Qazlal.
  5781 | D:6      | Reached skill level 10 in Long Blades
  5829 | D:6      | Found Boaty's Armour Boutique.
  5842 | D:6      | Bought the +1 chain mail of Complete Protection {Regen+}
                  | for 231 gold pieces
  5880 | D:6      | Reached skill level 1 in Shields
  5960 | D:6      | Reached XP level 9. HP: 78/78 MP: 8/8
  6123 | D:7      | Found Ynwuith's Elemental Accessories.
  6134 | D:7      | Noticed Duvessa
  6137 | D:7      | Noticed Dowan
  6139 | D:7      | Killed Duvessa
  6140 | D:7      | Killed Dowan
  6232 | D:7      | Reached skill level 11 in Long Blades
  6265 | D:7      | Found a staircase to the Ecumenical Temple.
  6358 | D:7      | Reached skill level 5 in Shields
  6421 | D:7      | Noticed Pikel
  6428 | D:7      | Killed Pikel
  6568 | D:7      | Found an ancient bone altar of Kikubaaqudgha.
  6568 | D:7      | Found a glowing golden altar of the Shining One.
  6581 | D:7      | Found a glowing silver altar of Zin.
  6722 | D:8      | Found a transporter.
  6726 | D:8      | Reached skill level 12 in Long Blades
  6737 | D:8      | Found a transporter.
  6747 | D:8      | Noticed a kobold demonologist
  6769 | D:8      | Noticed a two-headed ogre
  6775 | D:8      | Killed a two-headed ogre
  6776 | D:8      | Reached XP level 10. HP: 41/84 MP: 9/9
  7059 | D:8      | Reached ***** piety under Trog
  7125 | D:8      | Reached skill level 13 in Long Blades
  7181 | D:8      | Found a hazy altar of Hepliaklqana.
  7529 | D:9      | Noticed a two-headed ogre
  7531 | D:9      | Killed a two-headed ogre
  7539 | D:9      | Found the +6 lightning scales {swift, rElec}
  7726 | D:9      | Reached skill level 10 in Shields
  7729 | D:9      | Received a gift from Trog
  7857 | D:9      | Found Ykinocu's Jewellery Shoppe.
  7911 | D:9      | Reached skill level 14 in Long Blades
  7930 | D:9      | Identified the +3 leather armour of Imperfection {+Blink
                  | Dex+3}
  7986 | D:9      | Found an ornate altar of the Wu Jian Council.
  8042 | D:9      | Found a staircase to the Lair.
  8084 | D:9      | Reached XP level 11. HP: 91/91 MP: 10/10
  8375 | Lair:1   | Entered Level 1 of the Lair of Beasts
  8614 | Lair:1   | Noticed an eight-headed hydra
  8620 | Lair:1   | Killed a six-headed hydra
  8914 | Lair:1   | Noticed Prince Ribbit
  8917 | Lair:1   | Killed Prince Ribbit
  9168 | Lair:2   | Reached skill level 15 in Long Blades
  9189 | Lair:2   | Noticed a seven-headed hydra
  9220 | Lair:2   | Killed a four-headed hydra
  9321 | Lair:2   | Noticed a death yak
  9324 | Lair:2   | Noticed a death yak
  9330 | Lair:2   | Noticed a death yak
  9330 | Lair:2   | Noticed a death yak
  9337 | Lair:2   | Mangled by a death yak

Illustrated notes

Levels and vault maps discovered:
D:1:      lemuel_arrival_room, layout_loops_ring,
          shapermc_ecumenical_altar_mp_vishouse, minmay_pentomino_t2
D:2:      minmay_door_path, layout_basic, basic_altar, serial_shops, shop
D:3:      layout_basic
D:4:      layout_loops_ring
D:5:      layout_rooms, mainiacjoe_overflow_alcove_2, kennysheep_windowed_goal
D:6:      layout_gridville, nicolae_qazlal_general_emergency, elyvilon_altar_3,
          serial_shops, nicolae_shop_competitors_out_of_business,
          minmay_misc_feat_secret_circle
D:7:      layout_basic, zin_academy, gammafunk_temple_overflow_elements,
          minmay_temple_entry_arrows, nicolae_elemental_shop, minivault_1,
          uniq_duvessa, uniq_pikel
D:8:      gammafunk_wand_slinger, layout_cave_pools,
          mainiacjoe_overflow_alcove_1, serial_ice, serial_ice_l, serial_ice_h,
          serial_ice_n, serial_ice_d, serial_ice_g, serial_ice_f, serial_ice_a,
          abandoned_shop, minmay_fire_ice_demons
D:9:      layout_basic, nicolae_wu_jian_glorious_leap,
          grunt_lair_entry_orc_guard_hut, serial_shops, nicolae_shop_trees
Lair:1:   layout_small_grid, uniq_prince_ribbit2
Lair:2:   cheibrodos_lair_river_kwai, layout_hall_layers, serial_bayou_shore_a

Skill      XL: |  1  2  3  4  5  6  7  8  9 10 11 |
---------------+----------------------------------+-----
Long Blades    | 4 5 6 7 8 10 12 14 15 | 15.5
Fighting       | 4 5 6 |  6.7
Armour         | 3 4 5 6 |  6.6
Dodging        | 3 |  3.4
Stealth        | 1 |  1.7
Throwing       | 1 |  1.0
Shields        | 2 7 10 12 | 12.7
Bows           | |  0.7

Action                   |  1- 3 |  4- 6 |  7- 9 | 10-12 || total
-------------------------+-------+-------+-------+-------++-------
Melee: Falchion          |    63 |       |       |       ||    63
       Headbutt          |    11 |    19 |    27 |    40 ||    97
       Triple sword      |    24 |   110 |   134 |   139 ||   407
 Fire: Shortbow          |       |       |     2 |       ||     2
Throw: Dart              |       |       |     2 |       ||     2
Invok: Trog's Hand       |       |     1 |     1 |       ||     2
  Use: Scroll            |       |     7 |     3 |     5 ||    15
       Potion            |       |     7 |       |       ||     7
Armor: Chain mail        |    52 |    66 |    89 |    78 ||   285
       Animal skin       |     2 |       |       |       ||     2
       Skin              |       |    29 |       |       ||    29
Dodge: Dodged            |    56 |    62 |    88 |    95 ||   301
       Rpst.: Falchion   |    12 |       |       |       ||    12
       Triple sword      |     3 |    14 |    18 |    25 ||    60
